 Dungeon Crawl Stone Soup version 0.31-a0-740-g87205ac768 (webtiles) character file.

Game seed: 8506337063829774478

7 subawu the Changeling (level 2, -2/21 HPs)
             Began as a Merfolk Shapeshifter on Sept 12, 2023.
             Slain by a kobold
             ... wielding a +0 whip
              (4 damage)
             ... on level 1 of the Dungeon.
             The game lasted 00:01:18 (157 turns).

subawu the Changeling (Merfolk Shapeshifter)         Turns: 157, Time: 00:01:18

Health: -2/21      AC:  3    Str: 14    XL:     2   Next: 4%
Magic:  2/2        EV: 12    Int:  9    God:
Gold:   5          SH:  0    Dex: 13    Spells: 1/1 levels left

rFire   . .          .
                       - Unarmed
rCold   . . .        (no shield)
rNeg    . . .        f - +0 leather armour
rPois   .            (helmet currently unavailable)
rElec   .            (cloak currently unavailable)
rCorr   .            (gloves currently unavailable)
SInv    .            (boots currently unavailable)
Will    .....        (no amulet)
Stlth   +            (no ring)
HPRegen 0.23/turn    (no ring)
MPRegen 0.08/turn

%: no passive effects
@: beast-form
A: beast (slay +2), (nimble swimmer 2), mertail
a: Begin Untransformation


You were on level 1 of the Dungeon.
You were a hulking beast.
You visited 1 branch of the dungeon, and saw 1 of its levels.

You collected 5 gold pieces.

Inventory:

Missiles
 g - 5 stones
Armour
 a - a +0 animal skin
 f - a +0 leather armour (worn)
Talismans
 c - a beast talisman (active)
 d - a flux talisman
Scrolls
 e - a scroll of identify {unknown}
Potions
 b - a potion of lignification


   Skills:
 + Level 1.1 Fighting
 + Level 2.6 Dodging
 + Level 3.5 Unarmed Combat
 + Level 4.3 Shapeshifting


You had one spell level left.
You didn't know any spells.
Your spell library was empty.

Dungeon Overview and Level Annotations

Branches:
Dungeon (1/15)

Altars:


Innate Abilities, Weirdness & Mutations

You are a hulking beast.
Your limbs bulge with bestial killing power. (Slay +2)
((You are very nimble when in or above water. (Stealth+, EV+, Speed+++)))
Your lower body shifts to a powerful aquatic tail in water.


Message History

You are frozen.
You barely miss the endoplasm.
The endoplasm is severely wounded.
The endoplasm freezes you.
You are frozen.
You hit the endoplasm.
The endoplasm is almost dead.
A frilled lizard comes into view.
The kobold hits you with a +0 whip.
The hobgoblin hits you but does no damage.
The endoplasm closely misses you. The kobold misses you.
The endoplasm attacks as it pursues you!
The endoplasm misses you.
Found a small ivory ring.
The endoplasm attacks as it pursues you!
The endoplasm hits you.
The hobgoblin attacks as it pursues you!
The hobgoblin hits you. The kobold attacks as it pursues you!
The kobold hits you with a +0 whip.
The endoplasm jiggles.
You hit the hobgoblin.
You kill the hobgoblin!
The endoplasm freezes you.
You are frozen.
* * * LOW HITPOINT WARNING * * *
The kobold hits you with a +0 whip.
* * * LOW HITPOINT WARNING * * *
You have reached level 2!
You hit the giant cockroach.
The giant cockroach is moderately wounded.
The giant cockroach bites you.
* * * LOW HITPOINT WARNING * * *
The endoplasm hits you but does no damage.
The kobold barely misses you.
You barely miss the giant cockroach.
The giant cockroach is moderately wounded.
The giant cockroach barely misses you. The endoplasm closely misses you.
The kobold hits you with a +0 whip.
You die...

#....##.##...# =....##..#.#.## .
............. .. ###..........
... ####..........##....
l.................#
...>.......K...# .##. ...
...........Bh..# .... ..
.♣♣♣♣♣♣....J.......##... ..##
♣♣P♣♣÷♣...........## #.. ...
♣PP#####.........##.##... ...
♣♣..#...#..........##.....##.#
♣♣♣...#...♣............... #....
♣_....'.8.'...............##.<..
♣♣PPP.#...♣................#....
♣♣PPP#...#.......#.. #.....##.#


You could see an endoplasm, a giant cockroach and a kobold.

Vanquished Creatures
  A giant cockroach (D:1)
  A goblin (D:1)
  A hobgoblin (D:1)
  A kobold (D:1)
  A quokka (D:1)
  A rat (D:1)
6 creatures vanquished.

Notes
Turn   | Place    | Note
-------+----------+-------------------------------------------
     0 | D:1      | subawu the Merfolk Shapeshifter began the quest for the
                  | Orb.
     0 | D:1      | Reached XP level 1. HP: 15/15 MP: 1/1
   120 | D:1      | Found a faded altar of an unknown god.
   156 | D:1      | Reached XP level 2. HP: 4/21 MP: 2/2
   157 | D:1      | Slain by a kobold

Illustrated notes

Levels and vault maps discovered:
D:1:      erik_arrival_blinker_ship, layout_rooms, serial_shops,
          nicolae_shop_drivethru, dilly_ecumenical_altar_fadedgnrine

Action                     || total
---------------------------++-------
  Melee: Unarmed           ||    26
         Punch             ||     1
 Armour: Leather armour    ||    12
         Animal skin       ||     8
  Dodge: Dodged            ||    21

Table legend: (Time is in decaauts)
 A = Elapsed time spent in this place.
 B = Non-inter-level travel time spent in this place.
 C = Inter-level travel time spent in this place.
 D = Time resting spent in this place.
 E = Time spent auto-exploring this place.
 F = Levels seen in this place.
 G = Mean time per level.
                   A        B        C        D        E       F      G
               +--------+--------+--------+--------+--------+-----+--------+
         Total |    155 |    155 |      0 |      0 |     46 |   1 |  155.0 |
       Dungeon |    155 |    155 |      0 |      0 |     46 |   1 |  155.0 |
               +--------+--------+--------+--------+--------+-----+--------+

Top non-repeatable levels by time:
     D:1: 155 daAuts
